Map: Ancient Cistern LE

Players

xyfans

  • Race: Protoss Protoss
  • Spawn Location: 1:00

MattBarry

  • Race: Protoss Protoss
  • League: Gold
  • Spawn Location: 7:00

Aurora

  • Race: Zerg Zerg

PiPuxD

  • Race: Zerg Zerg
  • League: Gold

VOD

Have the link to the VOD?

Description

Time

  • Played on: Feb. 12, 2023, 2:49 a.m.
  • Length: 13:16
Show
View Real Time Build Order
Export as new Build Order

xyfans Protoss 

Build Orders: 1 Gate Expand 

Get SALT Encoding   

  12  0:01  Probe  
  13  0:13  Probe  
  14  0:23  Pylon  
  14  0:25  Probe  
  15  0:41  Probe (Chrono Boost)  
  16  0:44  Gateway  
  16  0:53  Assimilator, Probe (Chrono Boost)  
  17  0:58  Probe (Chrono Boost)  
  18  1:07  Probe  
  19  1:19  Probe  
  19  1:25  Nexus  
  20  1:36  Cybernetics Core  
  20  1:44  Pylon  
  20  1:46  Assimilator  
  20  1:48  Probe  
  21  2:00  Probe  
  22  2:10  Adept (Chrono Boost)  
  22  2:12  Probe  
  25  2:23  Stargate  
  25  2:27  Probe  
  26  2:31  Warp Gate  
  26  2:39  Probe  
  26  2:43  Probe  
  26  2:44  Adept (Chrono Boost)  
  30  2:50  Shield Battery  
  30  2:51  Probe  
  30  2:55  Probe  
  32  3:02  Pylon  
  32  3:11  Adept (Chrono Boost)  
  34  3:23  Probe x2  
  37  3:28  Void Ray (Chrono Boost)  
  37  3:32  Assimilator  
  37  3:34  Assimilator  
  37  3:39  Probe x2  
  39  3:46  Fleet Beacon  
  39  3:51  Probe x2  
  41  3:57  Pylon  
  41  4:03  Probe x2  
  43  4:22  Stargate  
  43  4:25  Pylon  
  43  4:29  Probe  
  43  4:30  Probe  
  43  4:31  Tempest (Chrono Boost)  
  50  4:47  Adept  
  52  4:57  Pylon  
  52  5:03  Probe x2  
  52  5:06  Tempest (Chrono Boost)  
  59  5:15  Pylon  
  64  5:23  Tempest (Chrono Boost)  
  64  5:24  Adept  
  66  5:30  Gateway  
  71  5:39  Pylon, Tempest (Chrono Boost)  
  71  5:44  Probe x2  
  71  5:45  Tempest (Chrono Boost)  
  78  6:00  Shield Battery  
  78  6:03  Probe x2  
  80  6:15  Adept  
  82  6:18  Nexus  
  82  6:25  Gateway  
  82  6:28  Twilight Council  
  82  6:41  Adept  
  82  6:42  Adept  
  86  6:54  Pylon  
  86  6:59  Resonating Glaives (Chrono Boost)  
  86  7:11  Pylon  
  86  7:13  Probe x2  
  86  7:14  Forge  
  88  7:18  Adept x2, Pylon  
  88  7:21  Pylon  
  92  7:25  Probe  
  93  7:36  Probe x2  
  96  7:37  Probe  
  96  7:43  Adept x3  
  102  7:48  Probe x2  
  102  7:49  Probe  
  105  7:55  Gateway  
  105  7:56  Gateway  
  105  7:58  Gateway  
  105  8:00  Probe x2  
  105  8:01  Photon Cannon  
  105  8:03  Photon Cannon  
  105  8:04  Pylon, Probe  
  108  8:15  Probe  
  108  8:16  Probe x2  
  108  8:17  Adept x3  
  117  8:24  Pylon  
  117  8:28  Probe  
  118  8:38  Adept  
  120  8:43  Adept  
  120  8:44  Adept  
  124  8:50  Adept  
  124  8:51  Adept, Assimilator  
  123  9:13  Nexus  
  123  9:14  Pylon  
  123  9:16  Robotics Facility  
  123  9:17  Pylon  
  116  9:55  Unknown  
  116  10:03  Probe x3  
  116  10:04  Adept x6  
  125  10:27  Probe  
  125  10:28  Probe x2  
  128  10:30  Probe  
  128  10:32  Shield Battery  
  119  10:40  Probe  
  114  10:50  Adept x4, Protoss Ground Weapons Level 1  
  114  10:51  Adept x2  
  114  10:54  Warp Prism (Chrono Boost)  
  118  11:04  Gateway  
  118  11:06  Gateway x2  
  118  11:08  Gateway x2  
  118  11:11  Gateway  
  118  11:13  Adept x5, Pylon  
  118  11:14  Adept  
  118  11:18  Gateway  
  130  11:19  Forge  
  130  11:21  Charge (Chrono Boost), Observer (Chrono Boost)  
  131  11:27  Forge  
  131  11:31  Nexus, Probe x2  
  131  11:32  Assimilator  
  133  11:33  Pylon  
  133  11:34  Assimilator  
  133  11:35  Adept x5, Pylon  
  133  11:36  Adept  
  144  11:51  Templar Archives  
  138  12:27  Adept x2  
  138  12:28  Adept x5  
  138  12:29  Zealot  
  152  12:30  Zealot x5  
  160  12:49  Assimilator  
  160  12:58  Zealot x5  
  164  12:59  Zealot x5  
  164  13:00  Zealot x3  
Show
View Real Time Build Order
Export as new Build Order

MattBarry Protoss 

Build Orders:  

Get SALT Encoding   

  12  0:00  Drone  
  13  0:15  Overlord  
  13  0:16  Drone  
  14  0:33  Drone x2  
  16  0:50  Hatchery  
  16  0:52  Drone  
  16  0:55  Drone  
  17  0:59  Drone  
  18  1:05  Extractor  
  17  1:15  Spawning Pool  
  16  1:21  Drone  
  16  1:25  Drone  
  18  1:32  Drone  
  19  1:42  Overlord  
  19  1:53  Drone  
  20  2:02  Queen  
  20  2:03  Queen  
  20  2:06  Zergling x2  
  25  2:09  Zergling x2  
  26  2:17  Metabolic Boost  
  26  2:23  Zergling x2  
  26  2:29  Drone x2  
  29  2:30  Drone  
  30  2:44  Queen  
  32  2:51  Overlord  
  32  2:53  Drone x3  
  33  3:17  Drone x5  
  33  3:18  Drone x5  
  41  3:25  Drone  
  42  3:31  Queen  
  42  3:33  Overlord  
  44  3:39  Extractor  
  43  3:42  Zergling x2  
  43  3:43  Roach Warren  
  43  3:45  Overlord  
  43  3:49  Evolution Chamber  
  42  3:56  Extractor  
  42  4:00  Drone x5  
  46  4:08  Lair  
  46  4:20  Spore Crawler  
  46  4:21  Spore Crawler  
  46  4:22  Spore Crawler x2  
  42  4:25  Roach  
  42  4:30  Zerg Missile Weapons Level 1  
  44  4:33  Queen  
  46  4:41  Overlord  
  46  4:54  Overlord  
  46  4:59  Hatchery  
  45  5:00  Overlord  
  45  5:08  Overlord x2  
  45  5:15  Spore Crawler  
  44  5:24  Hydralisk Den  
  44  5:28  Evolution Chamber, Drone x3  
  45  5:29  Drone  
  46  5:55  Hydralisk x4, Grooved Spines  
  54  6:09  Spore Crawler  
  53  6:18  Queen  
  55  6:19  Queen x2  
  55  6:22  Drone  
  60  6:27  Drone x2  
  61  6:37  Drone x3  
  61  6:38  Drone  
  65  7:06  Drone x5  
  65  7:07  Drone  
  65  7:08  Drone  
  72  7:10  Overlord  
  72  7:11  Drone x5  
  77  7:19  Extractor  
  77  7:22  Hydralisk x2  
  72  7:29  Hydralisk x2  
  76  7:34  Hydralisk  
  79  7:43  Hydralisk x2  
  75  8:10  Spore Crawler  
  72  8:13  Hydralisk x6  
  77  8:26  Hydralisk  
  77  8:27  Hydralisk x2  
  79  8:46  Hydralisk  
  79  8:47  Hydralisk x2  
  83  8:50  Overlord x2  
  81  9:02  Muscular Augments  
  81  9:04  Zerg Missile Weapons Level 2  
  81  9:06  Overlord  
  81  9:07  Overlord  
  81  9:12  Roach  
  81  9:13  Roach  
  78  9:33  Hydralisk  
  78  9:34  Hydralisk x3  
  78  9:36  Roach x2  
  52  10:19  Drone  
  44  10:48  Drone  
  44  10:49  Drone x10  
  48  11:08  Drone  
  49  11:16  Drone  
  49  11:17  Drone  
  51  11:22  Drone  
  50  11:38  Drone x4  
  52  11:56  Drone x4  
  46  12:10  Queen  
  46  12:12  Queen  
  44  12:33  Drone x2  
  44  12:34  Drone x4  
  44  12:48  Overlord  
  44  12:54  Hatchery  
  35  13:03  Drone x3  
Show
View Real Time Build Order
Export as new Build Order

Aurora Zerg 

Build Orders:  

Get SALT Encoding   

Show
View Real Time Build Order
Export as new Build Order

PiPuxD Zerg 

Build Orders:  

Get SALT Encoding   

Tags
 
Add a new tag
Caveats
  • Supply blocks, unpowered buildings, or Contaminate may cause inaccurate times.
  • Supply counts are checked every 10 seconds.